 Dungeon Crawl Stone Soup version 0.26-a0-466-g989023bd0d (webtiles) character file.

Game seed: 4892345032685942928

835 siren the Chopper (level 7, -2/44 HPs)
             Began as a Gargoyle Delver on Aug 13, 2020.
             Was a Follower of Fedhas.
             Slain by Pikel
             ... wielding a +2 whip of freezing
              (4 damage)
             ... while paralysed by Grinder
             ... on level 5 of the Dungeon.
             The game lasted 00:12:27 (5493 turns).

siren the Chopper (Gargoyle Delver)                 Turns: 5493, Time: 00:12:28

Health: -2/44      AC: 14    Str: 17    XL:     7   Next: 99%
Magic:  7/7        EV:  2    Int: 11    God:    Fedhas [*.....]
Gold:   347        SH:  0    Dex: 11    Spells: 6/6 levels left

rFire    . . .     SeeInvis .   E - +6 hand axe "Inagyk" {speed, rElec}
rCold    . . .     Faith    .   (no shield)
rNeg     + . .     Spirit   .   y - +0 chain mail
rPois    ∞         Reflect  .   (no helmet)
rElec    +         Harm     .   (no cloak)
rCorr    .                      (no gloves)
MR       .....                  (no boots)
Stlth    ..........             h - amulet of the acrobat
HPRegen  0.14/turn              D - ring of wizardry
MPRegen  0.10/turn              (no ring)

@: paralysed
A: negative energy resistance 1, electricity resistance, unbreathing,
petrification resistance, rot immunity, AC +4
a: Renounce Religion


You were on level 5 of the Dungeon.
You worshipped Fedhas.
Fedhas was aware of your devotion.
You visited 1 branch of the dungeon, and saw 5 of its levels.

You collected 347 gold pieces.

Inventory:

Hand Weapons
 a - a +0 hand axe
 v - a +0 war axe
 z - a +1 trident of freezing
 E - the +6 hand axe "Inagyk" (weapon) {speed, rElec}
   (You found it on level 5 of the Dungeon)

   Attacks with this weapon are significantly faster.
   It insulates you from electricity.
Missiles
 k - 26 poisoned darts (quivered)
Armour
 b - a +0 leather armour
 l - a +0 ring mail
 y - a +0 chain mail (worn)
Jewellery
 h - an amulet of the acrobat (around neck)
 r - an uncursed amulet of magic regeneration
 D - a ring of wizardry (left hand)
Wands
 g - a wand of digging (3)
 A - a wand of iceblast (11)
 B - a wand of random effects (17)
Scrolls
 c - a scroll of fog
 d - 3 scrolls of magic mapping
 e - 2 scrolls of fear
 i - 4 scrolls of remove curse {unknown}
 m - a scroll of enchant armour {unknown}
 n - 4 scrolls of amnesia {unknown}
 p - 6 scrolls of identify {unknown}
 s - a scroll of immolation {unknown}
 w - a scroll of noise {unknown}
Potions
 f - 3 potions of haste
 j - 2 potions of magic {unknown}
 o - a potion of stabbing {unknown}
 q - 2 potions of curing {unknown}
 t - a potion of brilliance {unknown}
 u - 2 potions of heal wounds {unknown}
 x - a potion of resistance {unknown}
 C - a potion of lignification {unknown}
 F - 2 potions of ambrosia {unknown}


   Skills:
 + Level 5.2 Fighting
 + Level 5.5 Axes
 + Level 1.4 Throwing
 * Level 5.1 Armour
 - Level 1.5 Dodging
 - Level 5.4 Stealth


You had 6 spell levels left.
You didn't know any spells.
Your spell library was empty.

Dungeon Overview and Level Annotations

Branches:
Dungeon (5/15)
 Temple: D:4-7

Altars:
Fedhas
Gozag
Hepliaklqana
Makhleb
Nemelex Xobeh
Okawaru
Sif Muna
Vehumet
Xom
The Shining One

Annotations:
D:5 Grinder, Pikel


Innate Abilities, Weirdness & Mutations

You are resistant to torment.
Your stone body is resilient. (AC +4)
You are immune to poison.
You resist negative energy. (rN+)
You are resistant to electric shocks. (rElec)
You can survive without breathing.
You are immune to petrification.
You are immune to rotting.


Message History

The hound bites you.
* * * LOW HITPOINT WARNING * * *
The hippogriff bites you.
* * * LOW HITPOINT WARNING * * *
The hippogriff barely misses you. x2; Grinder barely misses you.
The lemure hits you but does no damage. The hound bites you but does no damage.
Pikel hits you with a +2 whip of freezing.
* * * LOW HITPOINT WARNING * * *
Pikel freezes you.
* * * LOW HITPOINT WARNING * * *
The hippogriff bites you but does no damage.
The hippogriff pecks you but does no damage.
The hippogriff claws you but does no damage.
Grinder hits you but does no damage. The hound bites you but does no damage.
The lemure hits you but does no damage. The hound bites you but does no damage.
Pikel hits you with a +2 whip of freezing.
You die...
Fedhas appreciates your contribution to the ecosystem.

.# #.###.# ....#.#
############## #### #.#...
##............# ...# #.#..#
##..####''####.
##.###.#..###..##........#
†....#.#..##..##.h........#
..##.#.#..#..##5@H5........#
.....#......##..5K).........
.).....#...##.....5.........
.#.#####.#.#..!.............
.._......#.#........5.......
.#.#######.#.......♣..♣....
...# #.+........♣♣$... .###
#.+........♣ (. †# #.#


You could see a hippogriff, Pikel, Grinder, 4 lemures and a hound.

Vanquished Creatures
  A sky beast (D:5)
  An ogre (D:4)
  A scorpion (D:4)
  A crimson imp (D:4)
  3 hounds
  An orc priest (D:3)
  A gnoll shaman (D:4)
  An iguana (D:4)
  5 worker ants
  A hound skeleton (D:5)
  5 gnolls
  7 adders
  A white imp (D:5)
  2 oozes (D:3)
  4 worms
  14 dart slugs
  A leopard gecko (D:3)
  7 orcs
  10 bats
  4 giant cockroaches
  4 goblins
  9 hobgoblins
  12 jackals
  2 quokkas
  2 ball pythons (D:3)
  5 frilled lizards
  A jackal skeleton (D:4)
  14 kobolds
  A leopard gecko skeleton (D:4)
  8 rats
129 creatures vanquished.

Vanquished Creatures (others)
  2 plants (D:5)
2 creatures vanquished.

Grand Total: 131 creatures vanquished

Notes
Turn   | Place    | Note
-------+----------+-------------------------------------------
     0 | D:5      | siren the Gargoyle Delver began the quest for the Orb.
     0 | D:5      | Reached XP level 1. HP: 14/14 MP: 1/1
    26 | D:5      | Noticed an orc priest
   111 | D:4      | Found an iron altar of Okawaru.
   111 | D:4      | Noticed a worker ant
   111 | D:4      | Noticed a worker ant
   111 | D:4      | Noticed a hound
   124 | D:4      | Killed a worker ant
   124 | D:4      | Reached XP level 2. HP: 19/19 MP: 2/2
   124 | D:4      | Reached XP level 3. HP: 23/23 MP: 3/3
   593 | D:4      | Reached XP level 4. HP: 22/29 MP: 4/4
   895 | D:3      | Reached XP level 5. HP: 22/33 MP: 5/5
  1271 | D:2      | Found a hazy altar of Hepliaklqana.
  1290 | D:3      | Reached skill level 1 in Throwing
  2184 | D:1      | Reached XP level 6. HP: 35/39 MP: 6/6
  2748 | D:2      | Found a radiant altar of Vehumet.
  2818 | D:2      | Found a glowing golden altar of the Shining One.
  2898 | D:2      | Found a blossoming altar of Fedhas.
  3395 | D:2      | Became a worshipper of Fedhas Madash
  3550 | D:3      | Found an opulent altar of Gozag.
  4159 | D:3      | Found a faded altar of an unknown god.
  4306 | D:3      | Found a burning altar of Makhleb.
  4306 | D:3      | Noticed a green death
  4487 | D:4      | Reached * piety under Fedhas
  4643 | D:4      | Reached XP level 7. HP: 21/44 MP: 7/7
  5038 | D:4      | Found a shimmering altar of Xom.
  5166 | D:4      | Reached skill level 5 in Fighting
  5166 | D:4      | Reached skill level 5 in Axes
  5190 | D:5      | Found a sparkling altar of Nemelex Xobeh.
  5203 | D:5      | Got a transparent hand axe
  5204 | D:5      | Identified the +6 hand axe "Inagyk" {speed, rElec} (You
                  | found it on level 5 of the Dungeon)
  5212 | D:5      | Reached skill level 5 in Armour
  5349 | D:5      | Found a shimmering blue altar of Sif Muna.
  5478 | D:5      | Noticed a hippogriff
  5478 | D:5      | Noticed Grinder
  5482 | D:5      | Noticed Pikel
  5487 | D:5      | Paralysed by Grinder for 7 turns
  5492 | D:5      | HP: 2/44 [Pikel/+2 whip of freezing (1)]
  5493 | D:5      | Slain by Pikel

Illustrated notes

Levels and vault maps discovered:
D:1:      ebering_hopf_link, layout_basic, minmay_misc_feat_doors
D:2:      layout_rooms, lemuel_doored_altar, vehumet_crystals,
          nicolae_tso_swordbearing_angel, nicolae_overflow_hidden_temple,
          minivault_5
D:3:      kennysheep_slugbush, layout_basic,
          nicolae_gozag_cash_rules_everything_around_me,
          chequers_ecumenical_altar_grove, chequers_serial_rivers_small_3,
          makhleb_altar_promises_db
D:4:      layout_cave_pools, led_xom_imps, minmay_ruined_shrine
D:5:      kennysheep_big_flooded_room, layout_basic, lemuel_crystal_altar,
          lemuel_blue_sif_altar, serial_bayou_ford_a, uniq_pikel, uniq_grinder

Skill      XL: |  1  2  3  4  5  6  7 |
---------------+----------------------+-----
Axes           | 2 3 4 5 |  5.5
Armour         | 2 3 4 5 |  5.1
Fighting       | 4 5 |  5.2
Throwing       | 1 |  1.4
Dodging        | |  1.5
Stealth        | |  5.4

Action                   |  1- 3 |  4- 6 |  7- 9 || total
-------------------------+-------+-------+-------++-------
Melee: Hand axe          |    53 |   236 |    46 ||   335
       War axe           |       |   125 |    86 ||   211
Throw: Dart              |     8 |    40 |     2 ||    50
 Stab: Sleeping          |       |     8 |       ||     8
Armor: Leather armour    |    27 |    16 |       ||    43
       Ring mail         |       |   163 |       ||   163
       Chain mail        |       |    32 |    85 ||   117
Dodge: Dodged            |    40 |   256 |    61 ||   357

Table legend: (Time is in decaauts)
 A = Elapsed time spent in this place.
 B = Non-inter-level travel time spent in this place.
 C = Inter-level travel time spent in this place.
 D = Time resting spent in this place.
 E = Time spent auto-exploring this place.
 F = Levels seen in this place.
 G = Mean time per level.
                   A        B        C        D        E       F      G
               +--------+--------+--------+--------+--------+-----+--------+
         Total |   5615 |   5429 |    186 |   1201 |   2779 |   5 | 1123.0 |
       Dungeon |   5615 |   5429 |    186 |   1201 |   2779 |   5 | 1123.0 |
               +--------+--------+--------+--------+--------+-----+--------+

Top non-repeatable levels by time:
     D:3: 1905 daAuts
     D:4: 1383 daAuts
     D:1: 1047 daAuts
     D:2: 957 daAuts
     D:5: 321 daAuts
